 Dungeon Crawl Stone Soup version 0.20.1-1-g8b1a95d (webtiles) character file.

336 pstr the Conjurer (level 6, -13/33 HPs)
             Began as a Kobold Conjurer on Nov 27, 2017.
             Mangled by a wyvern (15 damage)
             ... on level 4 of the Dungeon.
             The game lasted 00:09:30 (4946 turns).

pstr the Conjurer (Kobold Conjurer)                 Turns: 4946, Time: 00:09:31

Health: -13/33     AC:  2    Str:  6    XL:     6   Next: 84%
Magic:  7/12       EV: 16    Int: 18    God:
Gold:   201        SH:  0    Dex: 15    Spells: 10/13 levels left

rFire    . . .     SeeInvis .   (weapon restricted)
rCold    . . .     Gourm    .   (shield restricted)
rNeg     . . .     Faith    .   a - +0 robe
rPois    .         Spirit   .   (no helmet)
rElec    .         Reflect  .   (no cloak)
rCorr    .         Harm     .   (no gloves)
MR       .....                  (no boots)
Stlth    +++.......             (no amulet)
Regen    0.2/turn               (no ring)
MPRegen  0.2/turn               (no ring)

@: no status effects
A: carnivore 3
a: no special abilities


You were on level 4 of the Dungeon.
You were completely stuffed.

You visited 1 branch of the dungeon, and saw 4 of its levels.

You collected 201 gold pieces.

Inventory:

Missiles
 i - 31 stones (quivered)
Armour
 a - a +0 robe (worn)
 t - a cursed +0 ring mail
Wands
 k - a wand of random effects (24/48)
Scrolls
 g - 2 scrolls of identify {unknown}
 h - 5 scrolls of remove curse {unknown}
 l - a scroll of immolation {unknown}
 o - a scroll of fear {unknown}
 r - a scroll of fog {unknown}
 s - 4 scrolls of enchant armour {unknown}
 v - 2 scrolls of teleportation {unknown}
 x - a scroll of recharging {unknown}
Potions
 d - a potion of resistance {unknown}
 e - 2 potions of haste {unknown}
 f - 4 potions of lignification {unknown}
 j - a potion of might {unknown}
 m - 3 potions of flight {unknown}
 p - a potion of cancellation {unknown}
 q - 3 potions of curing {unknown}
 u - a potion of agility {unknown}
 w - a potion of invisibility {unknown}
Books
 b - a book of Conjurations

   Spells                             Type                      Level
   a - Magic Dart                     Conjuration                  1
   b - Searing Ray                    Conjuration                  2
   c - Dazzling Spray                 Conjuration/Hexes            3
   d - Fulminant Prism                Conjuration/Hexes            4
   e - Force Lance                    Conjuration/Translocation    4
   f - Iskenderun's Mystic Blast      Conjuration                  4
Comestibles
 c - a meat ration
 n - a royal jelly


   Skills:
 + Level 0.7 Fighting
 + Level 3.4 Dodging
 + Level 4.2 Stealth
 + Level 4.0 Spellcasting
 + Level 5.9 Conjurations


You had 10 spell levels left.
You knew the following spells:

 Your Spells              Type           Power        Failure   Level  Hunger
a - Magic Dart            Conj           ###.         1%          1    None
b - Searing Ray           Conj           ###...       1%          2    ##.....


Dungeon Overview and Level Annotations

Branches:
Dungeon (4/15)
 Temple: D:4-7

Altars:
Fedhas
Kikubaaqudgha
Okawaru


Innate Abilities, Weirdness & Mutations

You are small and have problems with some larger weapons.
You are carnivorous and can eat meat at any time.


Message History

You can't see any susceptible monsters within range! (Use Z to cast anyway.)
The wyvern hisses angrily.
Found a ring mail.
Casting: Magic Dart
Confirm with . or Enter, or press ? or * to list all spells.
Aiming: Searing Ray
Press: ? - help, Shift-Dir - straight line, f - wyvern
Aim: a wyvern The searing ray misses the wyvern. (Press . to maintain the ray.)
The searing ray misses the wyvern.
The wyvern bites you!
The searing ray hits the wyvern.
The wyvern is moderately wounded.
The wyvern completely misses you. The wyvern bites you!
Ouch! That really hurt!
* * * LOW HITPOINT WARNING * * *
The searing ray hits the wyvern.
The wyvern is moderately wounded.
You finish channeling your searing ray.
The wyvern bites you!
You die...

####...####........
.........##...........
#....................#
#....................#
#...................#
....................#
).รท.................#
.........##.........#...
.........#......@l......
.#.######..###..........
.#.# ##....# ##.#.#.....
.#.###..#.## #.#># ....
.#.....#...# #.#.# ..[
.......#...# #.#.# ..
.......#...# #.#.# .
.......#...# .....
.......#...#


You could see a wyvern.

Vanquished Creatures
  A howler monkey (D:3)
  A hound (D:4)
  A bullfrog skeleton (D:4)
  An iguana (D:4)
  An orc wizard (D:3)
  A worker ant (D:4)
  6 adders
  An ooze (D:3)
  2 worms
  2 dart slugs
  3 leopard geckos
  8 orcs
  18 bats
  6 giant cockroaches
  5 goblins
  9 hobgoblins
  10 jackals
  5 kobolds
  2 quokkas (D:3)
  4 frilled lizards
  5 rats
92 creatures vanquished.

Notes
Turn   | Place    | Note
-------+----------+-------------------------------------------
     0 | D:1      | pstr the Kobold Conjurer began the quest for the Orb.
     0 | D:1      | Reached XP level 1. HP: 10/10 MP: 3/3
   169 | D:1      | Reached XP level 2. HP: 15/15 MP: 1/5
   173 | D:1      | Learned a level 2 spell: Searing Ray
   691 | D:1      | Reached XP level 3. HP: 19/19 MP: 3/6
  1092 | D:2      | Found a faded altar of an unknown god.
  1274 | D:2      | Found an ancient bone altar of Kikubaaqudgha.
  1478 | D:2      | Reached XP level 4. HP: 24/24 MP: 3/7
  1479 | D:2      | Reached skill level 5 in Conjurations
  2417 | D:3      | Reached XP level 5. HP: 22/28 MP: 0/9
  2537 | D:3      | Found a blossoming altar of Fedhas.
  2537 | D:3      | Found an iron altar of Okawaru.
  3517 | D:3      | Reached XP level 6. HP: 32/32 MP: 5/11
  4923 | D:4      | Noticed a wyvern
  4946 | D:4      | Mangled by a wyvern

Skill      XL: |  1  2  3  4  5  6 |
---------------+-------------------+-----
Conjurations   | 5 |  5.9
Stealth        | 3 4 |  4.2
Dodging        | 3 |  3.4
Spellcasting   | 3 4 |  4.0
Fighting       | |  0.7

Action                   |  1- 3 |  4- 6 || total
-------------------------+-------+-------++-------
Melee: Unarmed           |     1 |     9 ||    10
 Cast: Magic Dart        |    54 |    66 ||   120
       Searing Ray       |     5 |    35 ||    40
  Eat: Chunk             |     2 |    21 ||    23
Armor: Robe              |       |     3 ||     3
Dodge: Dodged            |     3 |    34 ||    37
